[Event "Croatian Team Cup Final 2022"]
[Site "Vodice"]
[Date "2022.05.19"]
[Round "3.20"]
[White "Klobucar, Dean"]
[Black "Novosel, Lovro"]
[Result "0-1"]
[ECO "B53"]
[WhiteElo "2214"]
[BlackElo "2279"]
[Annotator "TA"]
[PlyCount "82"]
[EventDate "2022.05.18"]
[EventType "team-tourn"]
[EventCountry "CRO"]
[SourceTitle "playchess.com"]
[Source "ChessBase"]
[SourceQuality "1"]
[TimeControl "40/5400+30:1800+30"]

1. e4 c5 2. Nf3 d6 3. d4 cxd4 4. Qxd4 Nc6 5. Bb5 Bd7 6. Bxc6 Bxc6 7. Nc3 Nf6 8. Bg5 e6 9. O-O-O Be7 10. Rhe1 O-O 11. e5 dxe5 {[%emt 0:00:09] B53: Sicilian: 2...d6: Lines with Qxd4.} 12. Nxe5 {[%emt 0:00:13] is more profitable than 12.Qh4 at the moment.} Qa5 13. Nxc6 bxc6 {[%emt 0:00:36] The position is equal.} 14. Qe5 Qa6 15. Ne4 Nd5 16. Bxe7 Nxe7 {[%emt 0:00:13] [#]} 17. Qg5 $146 ({Predecessor:} 17. Kb1 Nd5 18. Rd3 c5 19. Nxc5 Qc6 20. Ne4 Rab8 21. Rc1 Rb4 22. Nc3 Nb6 23. b3 {1-0 (63) Soozankar,A (2334)-Bakhtiari Kish,M (2062) Arak 2016}) 17... Nd5 18. a3 Rab8 19. Rd3 Qa5 (19... f6 $11 20. Qh4 (20. Qg4 $2 f5 $19) 20... e5) 20. Qd2 Qc7 (20... Qb6 $14 21. c4 Ne7) 21. c4 $16 Nb6 {[%emt 0:01:49] [#]} (21... Nf4 $16 {was worth a try.}) 22. Rg3 $2 (22. Nf6+ $1 $18 gxf6 23. Rg3+ Qxg3 24. hxg3 (24. fxg3 Nxc4 25. Qh6 f5 $18) 24... Nxc4 25. Qh6 Nxb2 26. Re4 (26. Rh1 Rfd8 $14) 26... Nd3+ 27. Kc2) 22... Nd7 $2 {[%emt 0:04:44][%mdl 8192] [#]} (22... Qe7 $14) 23. Qg5 $2 (23. Qxd7 $1 $18 {[%mdl 512] is the precise move to win.} Qe5 24. Re2) 23... g6 24. f4 $2 (24. Rd3 $16 {[%cal Od3d7] Rxd7! is the strong threat.} f5 25. Rxd7 Qxd7 26. Nf6+ Rxf6 27. Qxf6) 24... Qb6 ({Black should try} 24... f5 $17 25. Nc3 Nc5) 25. Re2 (25. b3 $11 {and White has nothing to worry.}) 25... Qg1+ $19 26. Kc2 Qd4 $2 (26... Qa1 $19 27. b4 c5) 27. Rc3 $2 {[%emt 0:01:16] [#]} (27. b3 $1 $11 Qa1 28. Rd2) 27... Rfd8 $1 $17 28. Qg3 (28. Nf2 $17 {was forced.}) 28... Nc5 $19 29. Nf2 {[%emt 0:00:36] [#] Prevents Qd1+.} Ne4 $1 {[%emt 0:01:30][%mdl 512] ( -> ...Nxf2)} 30. Qd3 (30. Qe3 Nxc3) 30... Nxc3 ({Weaker is} 30... Nxf2 31. Qxd4 Rxd4 32. Rxf2 $11) 31. Qxc3 Rb7 (31... Qxf4 $142 {Threatens to win with ...Rd4.} 32. h3 Qf5+ 33. Ne4 e5) 32. g3 Rbd7 33. Qxd4 Rxd4 {[%emt 0:00:02][%mdl 4096] Endgame KRR-KRN} 34. Kc3 Kf8 35. Ng4 c5 {[%emt 0:02:00][%cal Og6g5] And now ...g5! would win.} 36. Ne5 Rd1 37. Nc6 Rc1+ 38. Kb3 Rd7 39. Re5 $2 (39. Ka2 {was necessary.}) 39... Rb7+ 40. Ka2 Rc2 41. Rxc5 Rcxb2+ {[%emt 0:00:36] Weighted Error Value: White=1.06/Black=0.53} 0-1

[Event "Croatian Team Cup Final 2022"]
[Site "Vodice"]
[Date "2022.05.19"]
[Round "3.21"]
[White "Pavic, Filip"]
[Black "Tica, Sven"]
[Result "1/2-1/2"]
[ECO "B13"]
[WhiteElo "2270"]
[BlackElo "2438"]
[Annotator "TA"]
[PlyCount "119"]
[EventDate "2022.05.18"]
[EventType "team-tourn"]
[EventCountry "CRO"]
[SourceTitle "playchess.com"]
[Source "ChessBase"]
[SourceQuality "1"]
[TimeControl "40/5400+30:1800+30"]

1. e4 c6 2. d4 d5 3. exd5 cxd5 4. Bd3 Nf6 5. c3 Bg4 6. Qb3 Qc7 7. Ne2 {[%emt 0:07:53] B13: Caro-Kann: Exchange Variation and Panov-Botvinnik Attack.} Nc6 8. Bf4 Qd7 9. h3 {[%emt 0:02:34] White has an edge.} Bh5 10. Nd2 Bg6 11. Bxg6 hxg6 12. Ng3 e6 13. Nf3 Bd6 14. Bxd6 Qxd6 15. O-O {[%emt 0:03:05] [#]} O-O $146 ({Predecessor:} 15... Ne4 16. Nxe4 dxe4 17. Ng5 Qd5 18. Qxb7 O-O 19. c4 Qxc4 20. Rac1 Na5 21. Qxe4 Qd5 {1-0 (28) Tari,A (2639)-Harutjunyan,G (2439) Chess.com INT 2021}) 16. Rfe1 Rab8 17. a4 Rfc8 18. Ne5 Na5 19. Qb5 Qc7 20. Nf1 a6 21. Qe2 Nc4 22. Nxc4 (22. Nd3 {with more complications.} a5 23. Nd2 Nxd2 24. Qxd2 Ne4 25. Qd1) 22... Qxc4 (22... dxc4 {keeps more tension.} 23. Nd2 b5 24. axb5 axb5 25. Ra2 Ra8) 23. Qxc4 Rxc4 24. Nd2 Rc6 25. Nb3 Rb6 26. Ra3 Ne4 27. Re2 $1 Rc8 28. Na5 Nd6 29. Kf1 Kf8 30. Ke1 Ke7 31. Kd1 g5 32. Kc2 Rc7 33. Rb3 Rxb3 34. Nxb3 $11 {[%emt 0:00:03][%mdl 4096] Endgame KRN-KRN} Nc4 35. Nc5 a5 36. b3 Nd6 37. f3 b6 38. Nd3 Nf5 {[%emt 0:01:11] aiming for ...Nxd4+.} 39. Kd2 Rc8 40. Ne5 f6 41. Ng4 Kd7 42. Ne3 Nd6 43. Kd3 f5 (43... Re8 $11 {is superior.}) 44. Rc2 $14 Rb8 45. c4 {[%emt 0:03:04] Against b5} dxc4+ 46. bxc4 g6 47. Rb2 {[%emt 0:02:29] Threatens to win with c5.} Rb7 48. Kc3 (48. Nc2 $16) 48... Kc7 $2 (48... Rc7 $1 $11 {and Black stays safe.}) 49. Nc2 $2 (49. c5 $18 {is the precise move to win.} bxc5 50. dxc5) 49... Kc6 {[%emt 0:01:14] [#]} (49... Kd7 $142) 50. Na3 (50. Ne1 $1 $16) 50... Re7 51. Re2 (51. Nb5 $1 $14 Nf7 52. Kd3) 51... Nf7 52. d5+ Kd7 53. dxe6+ Rxe6 54. Rxe6 Kxe6 {[%emt 0:00:02] KN-KN} 55. Kd4 {[%emt 0:01:28] c5 is the strong threat.} Kd6 {[%emt 0:00:06] Prevents c5+.} (55... Ne5 $11 {keeps the balance.}) 56. Nb5+ $16 Kc6 57. Na7+ Kb7 58. Nb5 {[%emt 0:00:10] Black must now prevent Kd5.} Kc6 {[%emt 0:00:04][%cal Og5g4] [#]} 59. Na7+ ({White should play} 59. g4 $1 $16) 59... Kb7 $1 $11 60. Nb5 {[%emt 0:01:36] Weighted Error Value: White=0.15 (very precise) /Black=0.13 (very precise)} 1/2-1/2

[Event "Croatian Team Cup Final 2022"]
[Site "Vodice"]
[Date "2022.05.20"]
[Round "4.1"]
[White "Saric, Ivan"]
[Black "Martinovic, Sasa"]
[Result "1-0"]
[ECO "C13"]
[WhiteElo "2693"]
[BlackElo "2552"]
[Annotator "TA"]
[PlyCount "99"]
[EventDate "2022.05.18"]
[EventType "team-tourn"]
[EventCountry "CRO"]
[SourceTitle "playchess.com"]
[Source "ChessBase"]
[SourceQuality "1"]
[TimeControl "40/5400+30:1800+30"]

1. e4 e6 2. d4 d5 3. Nc3 Nf6 4. Bg5 dxe4 5. Nxe4 Be7 6. Bxf6 gxf6 7. Nc3 {[%emt 0:02:17] C13: French: Classical System: 4 Bg5 Be7, Alekhine-Chatard Attack.} c6 8. g3 {[%emt 0:01:39] [#]} Qb6 $146 ({Predecessor:} 8... Nd7 9. Bg2 f5 10. Qe2 Nf6 11. Nf3 Bd7 12. Ne5 Bd6 13. O-O-O Qe7 14. Na4 O-O-O {1-0 (36) De Vreugt,D (2429)-Stellwagen,D (2337) Amsterdam 2001}) 9. Rb1 {[%emt 0:01:21] The position is equal.} O-O 10. Bg2 Rd8 11. Nf3 ({Better is} 11. Qg4+ $14 Kh8 12. Qh4 Rxd4 13. Be4 Rxe4+ 14. Qxe4) 11... e5 12. Qe2 Qa6 ({Weaker is} 12... exd4 13. Qxe7 dxc3 14. O-O $18 (14. Qxf6 Re8+ 15. Ne5 Qc7 $14)) 13. dxe5 (13. Qe4 $1 $14) 13... Bf5 $11 14. Rc1 Qxe2+ 15. Nxe2 fxe5 16. Nxe5 Bf6 {[%emt 0:02:31] A strong pair of Bishops.} 17. f4 Nd7 18. O-O Bxe5 19. fxe5 Bg4 20. Nc3 Nxe5 21. Rce1 Ng6 22. Ne4 {[%emt 0:00:38] [#] Hoping for Nf6+.} Be6 23. b3 Nf8 24. Nc5 Rab8 25. Rd1 {[%emt 0:00:10] White is more active.} Bd5 26. Bh3 Ne6 $1 27. Bxe6 Bxe6 28. Nxe6 fxe6 $14 {[%emt 0:00:11][%mdl 4096] Endgame KRR-KRR} 29. Rde1 Rd2 30. Rf2 Rxf2 31. Kxf2 $11 {[%emt 0:00:05] KR-KR} Rf8+ 32. Ke3 Rf5 33. g4 Re5+ 34. Kf2 Rc5 (34... Ra5 $5 ) 35. c4 Kf7 36. h4 b5 37. Re4 b4 (37... e5 $14) 38. Ke3 $16 e5 $2 {[%emt 0:01:06] Loses the game.} (38... Ra5 $16) 39. Kd3 $18 Ra5 40. Re2 h6 (40... Kg6 $142 41. Ke4 Kg7) 41. Ke4 {[%emt 0:03:15] White is clearly winning.} Kg6 42. Rf2 Rc5 43. Rf5 ({Less strong is} 43. Rd2 Ra5 44. Rd6+ Kg7 $18) 43... Ra5 44. h5+ Kg7 45. Rf2 Rc5 46. Rd2 Kf6 47. Rd6+ Kg5 48. Kf3 {[%emt 0:00:32] [#] White threatens Kg3 and mate.} Kh4 49. Rxh6 {[%emt 0:00:08] Black must now prevent Rg6.} Ra5 50. Rg6 {[%emt 0:01:19] Weighted Error Value: White=0.08 (flawless) /Black=0.29 (precise)} 1-0

[Event "Croatian Team Cup Final 2022"]
[Site "Vodice"]
[Date "2022.05.20"]
[Round "4.2"]
[White "Livaic, Leon"]
[Black "Markus, Robert"]
[Result "1-0"]
[ECO "B07"]
[WhiteElo "2562"]
[BlackElo "2613"]
[Annotator "TA"]
[PlyCount "149"]
[EventDate "2022.05.18"]
[EventType "team-tourn"]
[EventCountry "CRO"]
[SourceTitle "playchess.com"]
[Source "ChessBase"]
[SourceQuality "1"]
[TimeControl "40/5400+30:1800+30"]

1. c4 Nf6 2. Nc3 d6 3. e4 e5 4. g3 Bg4 5. Be2 {[%emt 0:02:27] [#]} Be6 $146 ({Predecessor:} 5... Bxe2 6. Ngxe2 Nbd7 7. O-O c6 8. d4 Be7 9. f3 O-O 10. Be3 Nb6 11. b3 exd4 12. Nxd4 {1-0 (36) Villasenor Rubio,E (2260)-Lorente Penalva,D (2178) Linares 2013}) 6. Nf3 {[%emt 0:01:02] B07: Pirc Defence: Miscellaneous Systems.} Nc6 (6... c5 $11 {might be stronger.}) 7. d4 $14 exd4 8. Nxd4 {[%emt 0:00:04] White is slightly better.} Nxd4 9. Qxd4 Be7 10. b3 Nd7 11. Bb2 (11. Qxg7 $2 Bf6 12. Qxh8+ Bxh8 $19) 11... Bf6 12. Qd2 a5 13. Nb5 ({White should play} 13. f4 $16) 13... O-O 14. O-O Bxb2 15. Qxb2 f5 16. exf5 $1 Bxf5 17. Rfe1 Nc5 18. Qd4 Kh8 19. Bf1 Ne6 20. Qe3 {[%emt 0:01:56] White is more active.} (20. Qd2 $16) 20... c6 (20... Qf6 {feels hotter.} 21. Rad1 Bg4 22. Be2 Bh3) 21. Nd4 Nxd4 22. Qxd4 Qc7 23. Re3 Rae8 24. Rae1 Rxe3 25. Qxe3 Kg8 26. Qg5 h6 27. Qh4 Qb6 28. Qe7 d5 29. Re3 Be4 30. Bg2 Bxg2 31. Kxg2 dxc4 $11 {[%emt 0:00:47][%mdl 4096] Endgame KQR-KQR} 32. Qe6+ Kh8 33. Qxc4 Qb4 34. Qe2 Qd4 35. h4 b5 36. Qd3 Qb2 37. Re2 Qf6 38. Rc2 Rd8 (38... Qe6 $11 {remains equal.}) 39. Qf3 (39. Qe4 {with more complications.} Rc8 40. Rc5 Rf8 41. f3) 39... Qxf3+ 40. Kxf3 $14 {[%emt 0:00:00] KR-KR} a4 41. bxa4 $1 bxa4 42. Ke3 Re8+ 43. Kd3 Rf8 44. f4 (44. Rxc6 Rxf2 45. Kc4 Rxa2 $15) (44. Kc4 $16) 44... g5 45. Ke4 ({Much worse is} 45. Rxc6 gxf4 46. gxf4 (46. Rxh6+ Kg7 $11) 46... Rxf4 $11) (45. hxg5 $16 {Black must now prevent Rh2.} hxg5 46. Ke4 (46. fxg5 Rf3+ 47. Kc4 Rxg3 $16) (46. Rxc6 gxf4 47. gxf4 Rxf4 $11)) 45... gxf4 46. gxf4 Re8+ 47. Kf5 Rf8+ 48. Kg4 Rc8 49. Rc4 a3 50. Rc3 c5 51. Rxa3 Kg7 52. Kf5 c4 53. Rc3 {[%emt 0:00:07] And now a4 would win.} Rc5+ 54. Ke6 {[%emt 0:08:28] aiming for a4.} Ra5 (54... Rc6+ $1 $11 55. Kd5 Ra6) 55. a3 (55. Rg3+ $1 $16 Kf8 56. a3) 55... Ra4 (55... Ra6+ $11 {keeps the balance.} 56. Kd5 Kg6) 56. Rg3+ $16 Kf8 57. f5 Ra5 58. Kf6 $2 (58. Rc3 $16) 58... Ra6+ $1 $11 59. Ke5 Kf7 60. Kd5 Ra4 61. Kc5 Kf6 62. Kb5 Ra8 63. a4 (63. Rf3 $1 $14) 63... Kxf5 64. Rc3 Rb8+ 65. Kc6 Rc8+ $1 66. Kb7 Rc5 67. Kb6 Rc8 68. a5 {[%emt 0:00:09][%cal Ba4a5,Ba5a6][%mdl 32] Strongly threatening Kb7.} Ke5 $2 {[%emt 0:02:44][%mdl 8192] [#]} (68... Kg4 $11) 69. Kb7 $1 $18 Rc5 {[%emt 0:00:05] [#]} 70. a6 $1 {[%emt 0:00:08] White threatens a7 and mate.} Rb5+ 71. Kc6 Ra5 72. Kb6 Ra4 73. Kb5 $1 Ra1 74. Rxc4 {[%emt 0:00:09] Threatening mate with Ra4.} Kd5 75. Rb4 {[%emt 0:00:30] Weighted Error Value: White=0.16 (very precise) /Black=0.16 (very precise)} 1-0

[Event "Croatian Team Cup Final 2022"]
[Site "Vodice"]
[Date "2022.05.20"]
[Round "4.3"]
[White "Jovanic, Ognjen"]
[Black "Cvitan, Ognjen"]
[Result "1/2-1/2"]
[ECO "D66"]
[WhiteElo "2509"]
[BlackElo "2454"]
[Annotator "TA"]
[PlyCount "44"]
[EventDate "2022.05.18"]
[EventType "team-tourn"]
[EventCountry "CRO"]
[SourceTitle "playchess.com"]
[Source "ChessBase"]
[SourceQuality "1"]
[TimeControl "40/5400+30:1800+30"]

1. d4 Nf6 2. c4 e6 3. Nf3 d5 4. Nc3 Be7 5. Bg5 h6 6. Bh4 O-O 7. e3 Nbd7 8. Rc1 c6 9. Bd3 dxc4 10. Bxc4 b5 11. Bd3 Bb7 12. O-O Rc8 13. Qe2 b4 14. Na4 Qa5 $1 {[%emt 0:03:33] Against Ba6. D66: Queen's Gambit Declined: Classical: Main Line (7 Rc1 c6 8 Bd3).} 15. b3 c5 {[%emt 0:00:28] [#] An uneventful encounter.  Weighted Error Value: White=0.06 (flawless) /Black=0.00 (flawless)} {Predecessor:} 16. Bb5 $146 Bc6 17. Bxc6 Rxc6 18. dxc5 Nxc5 19. Ne5 Rc7 20. Nxc5 Rxc5 21. Rxc5 Bxc5 22. Bxf6 gxf6 {1-0 (53) Georgiev,K (2662)-Houska,J (2393) Gibraltar 2008} 1/2-1/2

[Event "Croatian Team Cup Final 2022"]
[Site "Vodice"]
[Date "2022.05.20"]
[Round "4.4"]
[White "Rogic, Davor"]
[Black "Srbis, Jurica"]
[Result "1/2-1/2"]
[ECO "B92"]
[WhiteElo "2457"]
[BlackElo "2451"]
[Annotator "TA"]
[PlyCount "82"]
[EventDate "2022.05.18"]
[EventType "team-tourn"]
[EventCountry "CRO"]
[SourceTitle "playchess.com"]
[Source "ChessBase"]
[SourceQuality "1"]
[TimeControl "40/5400+30:1800+30"]

1. e4 c5 2. Nf3 d6 3. d4 cxd4 4. Nxd4 Nf6 5. Nc3 a6 6. Be2 e5 7. Nf3 Be7 8. Bg5 Nbd7 9. a4 $1 {[%emt 0:00:58] 9.a4 is better than 9.0-0. B92: Sicilian Najdorf: 6 Be2.} h6 (9... Qb6 $5 ) 10. Be3 Qc7 11. Nd2 {[%emt 0:03:27] The position is equal.} Nc5 12. O-O Be6 13. Bf3 O-O 14. Qe2 Rac8 15. a5 Qc6 16. Rfd1 {[%emt 0:05:48] [#]} Rfd8 $146 ({Predecessor:} 16... Rfe8 17. g3 Bf8 18. Bg2 Bg4 19. Bf3 Be6 20. Bg2 Rcd8 21. Bxc5 Qxc5 22. Nf1 Qb4 {0-1 (42) Salemgareev,T (2463)-Sarana,A (2635) Cheliabinsk 2021}) 17. h3 d5 18. exd5 Nxd5 19. Nxd5 Bxd5 20. Bxd5 Rxd5 21. Nc4 {[%emt 0:04:22] [#] And now Rxd5 would win.} Rcd8 22. Rxd5 Qxd5 23. b3 e4 24. Re1 f5 25. Qh5 Ne6 26. f3 Bc5 27. fxe4 Qxe4 {[%emt 0:01:34][%cal Of5f4] ...f4! is the strong threat.} 28. Qe2 {[%emt 0:06:06] [#]} Nd4 (28... Bb4 $1 $17 29. Bd2 Bxd2 30. Nxd2 Qxe2 31. Rxe2 Nd4) 29. Bxd4 $11 Rxd4 30. Kh1 Qxe2 (30... h5 {seems wilder.} 31. Kh2 Qxe2 32. Rxe2 Kf7) 31. Rxe2 $15 {[%emt 0:00:04][%mdl 4096] Endgame KRB-KRN} Rd1+ 32. Kh2 f4 {[%emt 0:00:54] ( -> ...Bg1+)} 33. h4 $1 h5 34. Re5 Bg1+ 35. Kh3 g6 36. Nb2 Ra1 {[%emt 0:14:01] Hoping for ...Bd4.} 37. Nd3 Be3 38. Kh2 {[%emt 0:01:12] Against Rh1+} Bg1+ 39. Kh3 Be3 40. Kh2 {[%emt 0:00:00] Prevents Rh1+.} Bg1+ 41. Kh3 Bb6 {[%emt 0:00:01] Weighted Error Value: White=0.05 (flawless) /Black=0.09 (flawless)} 1/2-1/2

[Event "Croatian Team Cup Final 2022"]
[Site "Vodice"]
[Date "2022.05.20"]
[Round "4.6"]
[White "Bukal, Vladimir Jr."]
[Black "Zaja, Ivan"]
[Result "1/2-1/2"]
[WhiteElo "2371"]
[BlackElo "2449"]
[Annotator "TA"]
[PlyCount "46"]
[EventDate "2022.05.18"]
[EventType "team-tourn"]
[EventCountry "CRO"]
[SourceTitle "playchess.com"]
[Source "ChessBase"]
[SourceQuality "1"]
[TimeControl "40/5400+30:1800+30"]

1. d4 d5 2. Nf3 Nf6 3. Bf4 e6 4. e3 Be7 5. Nbd2 Nbd7 6. Bd3 O-O 7. O-O b6 8. c3 Bb7 9. h3 c5 10. a4 {[%emt 0:00:17] [#] An uneventful encounter. D02: 1 d4 d5 2 Nf3 sidelines, including 2...Nf6 3 g3 and 2...Nf6 3 Bf4.} {Predecessor:} a6 $146 11. Qe2 g6 12. Bh6 Re8 13. e4 cxd4 14. Nxd4 e5 15. N4f3 Nc5 16. Bc2 dxe4 17. Ng5 Nd5 18. Ngxe4 Nf4 19. Qe3 Nxe4 20. Nxe4 f5 21. Bb3+ Kh8 22. Ng3 Bc5 23. Nxf5 gxf5 {0-1 (23) He,S (2399)-Fedoseev,V (2724) Chess.com INT 2018} 1/2-1/2

[Event "Croatian Team Cup Final 2022"]
[Site "Vodice"]
[Date "2022.05.20"]
[Round "4.7"]
[White "Kovacevic, Blazimir"]
[Black "Vujakovic, Branko"]
[Result "1/2-1/2"]
[ECO "A05"]
[WhiteElo "2401"]
[BlackElo "2292"]
[Annotator "TA"]
[PlyCount "61"]
[EventDate "2022.05.18"]
[EventType "team-tourn"]
[EventCountry "CRO"]
[SourceTitle "playchess.com"]
[Source "ChessBase"]
[SourceQuality "1"]
[TimeControl "40/5400+30:1800+30"]

1. Nf3 Nf6 2. c4 g6 3. b3 Bg7 4. Bb2 O-O 5. g3 c5 6. Bg2 d5 7. cxd5 $1 {[%emt 0:00:13] A05: Réti Opening: 1 Nf3 Nf6.} Qxd5 8. Nc3 Qf5 9. Na4 {[%emt 0:02:33] White is slightly better.} Nbd7 {[%emt 0:00:47] [#]} 10. d4 $146 ({Predecessor:} 10. O-O Nb6 11. Rc1 Nxa4 12. bxa4 Rd8 13. d3 Qh5 14. Qc2 Be6 15. Qxc5 Qxc5 16. Rxc5 Bxa2 {½-½ (23) Friend,R (1958)-Reppert,V (1928) LSS email 2015}) 10... cxd4 11. Nxd4 Qa5+ 12. Bc3 Qa6 13. O-O e5 14. Nc2 Rb8 15. Bb4 Re8 16. Bd6 Ra8 17. Nb4 Qa5 18. Rc1 e4 19. a3 Qh5 20. e3 Qf5 ({Don't take} 20... Ng4 21. h3 Ndf6 22. Rc5 $16 (22. hxg4 Nxg4 23. Re1 Rd8 $14)) 21. Nc2 Ne5 (21... Qe6 $15) 22. Nd4 $11 Qd7 23. Bxe5 Rxe5 {[%emt 0:00:04] The position is equal.} 24. Rc5 Qe8 25. Qc2 Bf8 26. Rxe5 Qxe5 27. Nc3 Bxa3 28. Nxe4 Nxe4 29. Qxe4 Qxe4 30. Bxe4 a6 31. Kg2 {[%emt 0:06:04] Weighted Error Value: White=0.07 (flawless) /Black=0.06 (flawless)} 1/2-1/2

[Event "Croatian Team Cup Final 2022"]
[Site "Vodice"]
[Date "2022.05.20"]
[Round "4.8"]
[White "Brumen, Dinko"]
[Black "Loncar, Robert"]
[Result "0-1"]
[ECO "E68"]
[WhiteElo "2313"]
[BlackElo "2370"]
[Annotator "TA"]
[PlyCount "122"]
[EventDate "2022.05.18"]
[EventType "team-tourn"]
[EventCountry "CRO"]
[SourceTitle "playchess.com"]
[Source "ChessBase"]
[SourceQuality "1"]
[TimeControl "40/5400+30:1800+30"]

1. Nf3 Nf6 2. c4 g6 3. Nc3 Bg7 4. g3 O-O 5. Bg2 d6 6. O-O e5 7. d4 Nbd7 8. e4 Re8 9. Re1 exd4 10. Nxd4 a6 11. Rb1 {[%emt 0:05:34] E68: King's Indian: Fianchetto: 6...Nbd7 7 0-0 e5 8 e4.} Rb8 12. b3 Nc5 {[%emt 0:12:33] [#]} 13. b4 $146 {[%emt 0:05:40] White is slightly better.} ({Predecessor:} 13. f3 Ne6 14. Be3 c5 15. Nxe6 Bxe6 16. Qd2 b5 17. Bf1 Nd7 18. cxb5 Qf6 19. Nd5 Bxd5 20. Qxd5 axb5 {½-½ (47) Golikov,D (2114)-Chigaev,M (2551) St Petersburg 2016}) 13... Ncd7 14. f4 Nf8 15. Nd5 c6 16. Nxf6+ Bxf6 17. Be3 Ne6 18. Nf3 b5 19. cxb5 cxb5 20. g4 (20. Nd2 $14) 20... Bb7 $11 21. g5 (21. Qd3 $1 $11 {remains equal.}) 21... Bc3 $17 22. Bd2 Bg7 {[%emt 0:00:48] Black is more active.} (22... Rc8 $17 {aiming for ...d5.} 23. f5 Nf8 24. Bxc3 Rxc3) 23. f5 $1 $11 Nd4 24. f6 Nxf3+ 25. Bxf3 Bf8 26. Bf4 (26. Rc1 $11 {keeps the balance.}) 26... Rc8 $17 27. Rc1 Rxc1 28. Qxc1 Qa8 29. Qb1 d5 (29... a5 $15) 30. e5 d4 31. Bg4 {[%emt 0:03:13] [#]} (31. Bxb7 $11 {was the only way to keep the balance.} Qxb7 32. Bd2) 31... Bd5 ({Better is} 31... Qd8 $1 $17 32. Rf1 d3) 32. e6 (32. Bd7 $11) 32... Bxe6 (32... fxe6 {seems wilder.} 33. Be5 Qc6 34. Qb2 Rc8) 33. Bxe6 Rxe6 34. Rxe6 fxe6 $15 {[%emt 0:00:02][%mdl 4096] Endgame KQB-KQB} 35. Qc2 $1 Qb7 ({Of course not} 35... Qf3 $6 36. Qc7 Qg4+ 37. Kf2 $15) 36. Be5 (36. a3 $1 $11) 36... Qd7 {[%emt 0:00:40] Black keeps a firm grip on the game.} 37. Qd3 (37. Qd2 $17 {might work better.}) 37... Bxb4 $19 38. f7+ $2 (38. Kf1 {is a better defense.}) 38... Kxf7 39. Bxd4 Qd5 {[%emt 0:00:35][%csl LRa2,LRg5] Prevents Qf3+.} 40. Qe3 Ke8 41. Qf4 e5 42. Bxe5 Bc5+ 43. Kf1 Qxa2 44. Qf3 (44. Bd6 $142 Qb1+ 45. Ke2 Qc2+ 46. Ke1) 44... Qb1+ 45. Ke2 Qc2+ 46. Kf1 Qc4+ 47. Kg2 Kd7 {[%emt 0:00:40] Inhibits Qc6+. Hoping for ...Ke6.} 48. Bf4 Ke6 {[%emt 0:02:58] White must now prevent ...Qd5.} 49. Qc6+ {[%emt 0:03:39] [#]} (49. Kh3 $19) 49... Kf5 50. Qf6+ Ke4 (50... Kg4 $142 51. h3+ Kh5) 51. Bg3 Qd5 52. Qxa6 Ke3+ 53. Kh3 Kf3 54. Qf6+ Qf5+ 55. Kh4 Be3 (55... b4 $142 56. Be5 Bf2+ 57. Bg3 Kg2 58. Qxf5 Bxg3+ 59. hxg3 gxf5 60. g4 f4 61. Kh5 Kg3 62. g6 hxg6+ 63. Kh6 f3 64. Kxg6 f2 65. Kh7 Kxg4 66. Kh8 f1=Q 67. Kg7 Kg5 68. Kh7 Kf6 69. Kg8 Qg2+ 70. Kh8 Qg7#) 56. Qxf5+ gxf5 {[%emt 0:00:03] KB-KB. Black mates.} 57. Be5 Ke2 58. Kh5 f4 59. h4 f3 60. Bg3 f2 61. Bxf2 Bxf2 {[%emt 0:00:28] Weighted Error Value: White=0.52/Black=0.16 (very precise)} 0-1

[Event "Croatian Team Cup Final 2022"]
[Site "Vodice"]
[Date "2022.05.20"]
[Round "4.9"]
[White "Saric, Ante"]
[Black "Kozul, Zdenko"]
[Result "0-1"]
[ECO "D71"]
[WhiteElo "2510"]
[BlackElo "2621"]
[Annotator "TA"]
[PlyCount "116"]
[EventDate "2022.05.18"]
[EventType "team-tourn"]
[EventCountry "CRO"]
[SourceTitle "playchess.com"]
[Source "ChessBase"]
[SourceQuality "1"]
[TimeControl "40/5400+30:1800+30"]

1. d4 Nf6 2. c4 g6 3. g3 c6 4. Bg2 d5 5. Qa4 Bd7 (5... Bg7 6. cxd5 Nxd5 7. Nf3 O-O 8. O-O a5 9. e4 b5 10. Qc2 Nb6 11. Nc3 a4 12. Bf4 Na6 13. Rad1 Bg4 14. Ne2 Qc8 15. h3 Be6 16. b3 axb3 17. axb3 {½-½ (36) Saric,A (2543)-Kozul,Z (2597) Petrovac 2021}) 6. Qb3 {[%emt 0:11:07] [#] D71: Fianchetto Grünfeld: 3 g3 d5 sidelines and 5 cxd5 (without Nf3).} Qb6 $146 ({Predecessor:} 6... Bc8 7. Nc3 e6 8. Nf3 Bg7 9. O-O O-O 10. Bf4 Nbd7 11. Rad1 Qb6 12. Qxb6 Nxb6 13. cxd5 Nbxd5 {0-1 (29) Pinos Cevallos,B (1640)-Alvarez Dominguez,H (1515) Guayaquil 2020}) 7. Nc3 Be6 (7... Bg7 {is interesting.} 8. Qxb6 axb6 9. cxd5 cxd5 10. Nf3 Bc6) 8. Qxb6 {[%emt 0:28:27] The position is equal.} axb6 9. cxd5 Nxd5 10. Nxd5 Bxd5 11. Bxd5 cxd5 12. e3 Nc6 13. Ne2 e6 14. Nc3 Kd7 15. Bd2 Bb4 16. Ke2 Bxc3 17. Bxc3 b5 18. a3 {[%emt 0:06:31] Against b4} Ra6 19. Rac1 Rha8 20. Rc2 h5 21. h4 Rb6 22. Rhc1 Ra4 23. Kf3 Ke7 24. Ke2 Kf6 25. Bd2 b4 26. axb4 Nxb4 27. Rc8 Nc6 28. Bc3 Ne7 29. Rc7 Nf5 30. Rc2 Nd6 (30... Rb3 {keeps more tension.} 31. Kd3 Kg7 32. Rc1 Nd6) 31. Kf3 (31. f3 $11) 31... Ra2 $17 32. Rd7 (32. Kf4 $15 {is superior.}) 32... Ne4 33. Be1 {[%emt 0:02:20] Now White is beyond hope.} (33. Rc1 $17) 33... Rbxb2 $19 ({Stronger than} 33... Raxb2 34. Rcc7 Nd6 35. g4 $17) 34. Rxb2 Rxb2 {[%emt 0:00:08][%mdl 4096] Endgame KRB-KRN} 35. Kg2 Kg7 36. Kf1 Kf8 37. f3 $2 (37. Rd8+ Ke7 38. Ra8) 37... Ke8 38. Rc7 Nd6 39. g4 Nc4 40. gxh5 (40. Bg3 {might work better.} hxg4 41. fxg4) 40... Nxe3+ 41. Kg1 {[%emt 0:00:46] [#] And now h6 would win.} gxh5 42. Rc8+ Kd7 43. Rf8 Ke7 44. Rh8 Nf5 45. Bf2 Rd2 46. Rxh5 Nxd4 47. Kg2 Nf5 {[%emt 0:01:32] [#] ...d4 is the strong threat.} 48. Rh8 Kf6 49. h5 Kg7 50. Rb8 Rb2 51. Kf1 b5 52. Bc5 d4 53. Bf8+ Kh7 54. Rd8 (54. Bc5 $142 e5 55. Rf8) 54... b4 55. Bc5 b3 56. Rd7 Rc2 57. Rxf7+ Kh6 58. Ba3 Ne3+ {[%emt 0:01:20] Weighted Error Value: White=0.37/Black=0.12 (very precise)} 0-1